 Dungeon Crawl Stone Soup version 0.22-a0-580-gd5db89c (webtiles) character file.

656 iamserjio the Chopper (level 7, -2/48 HPs)
             Began as a Halfling Berserker on July 3, 2018.
             Was a Believer of Trog.
             Slain by a sky beast (4 damage)
             ... on level 6 of the Dungeon.
             The game lasted 00:10:04 (929 turns).

iamserjio the Chopper (Halfling Berserker)           Turns: 929, Time: 00:10:05

Health: -2/48      AC:  9    Str: 19    XL:     7   Next: 85%
Magic:  7/7        EV: 12    Int:  6    God:    Trog [**....]
Gold:   53         SH:  0    Dex: 14    Spells: 6/6 levels left

rFire    . . .     SeeInvis .   a - +0 hand axe
rCold    . . .     Gourm    .   (shield restricted)
rNeg     . . .     Faith    .   h - +0 chain mail
rPois    .         Spirit   .   (no helmet)
rElec    .         Reflect  .   (no cloak)
rCorr    .         Harm     .   (no gloves)
MR       .....                  (no boots)
Stlth    ..........             (no amulet)
HPRegen  0.16/turn              (no ring)
MPRegen  0.10/turn              (no ring)

@: berserk cooldown, slowed, very slow
A: small, mutation resistance 1
a: Berserk, Trog's Hand, Renounce Religion


You were on level 6 of the Dungeon.
You worshipped Trog.
Trog was pleased with you.
You were near starving.

You visited 1 branch of the dungeon, and saw 6 of its levels.

You collected 53 gold pieces.

Inventory:

Hand Weapons
 a - a +0 hand axe (weapon)
 n - a +0 blowgun
 x - a +0 whip of venom
Missiles
 o - 10 poisoned needles
 v - 3 curare-tipped needles {!f}
Armour
 b - a +0 animal skin
 h - a +0 chain mail (worn)
Jewellery
 s - a +1 ring of evasion {unknown}
Wands
 r - a wand of disintegration (11)
Scrolls
 g - 2 scrolls of magic mapping {unknown}
 l - a scroll of fog {unknown}
 m - a scroll of blinking {unknown}
 q - a scroll of fear {unknown}
 t - a scroll of teleportation {unknown}
 w - 3 scrolls of remove curse {unknown}
Potions
 d - a potion of invisibility {unknown}
 e - a potion of mutation {unknown}
 i - a potion of haste {unknown}
 j - a potion of heal wounds {unknown}
 k - 3 potions of curing {unknown}
 p - a potion of flight {unknown}
 u - a potion of lignification {unknown}
 z - a potion of agility {unknown}
Comestibles
 c - 4 rations
 f - 8 chunks of flesh


   Skills:
 + Level 4.1 Fighting
 * Level 5.8 Axes
 + Level 4.3 Armour
 + Level 4.4 Dodging


You had 6 spell levels left.
You didn't know any spells.
Your spell library was empty.

Dungeon Overview and Level Annotations

Branches:
Dungeon (6/15)
 Temple: D:4-7

Altars:


Innate Abilities, Weirdness & Mutations

You are small and have problems with some larger weapons.
You are somewhat resistant to further mutation.


Message History

The big kobold is moderately wounded.
You barely miss the sky beast. The sky beast closely misses you.
The big kobold misses you. The sky beast hits you. The sky beast shocks you.
* * * LOW HITPOINT WARNING * * *
You closely miss the big kobold.
The big kobold is moderately wounded.
You hit the sky beast.
The big kobold hits you but does no damage.
The sky beast flickers out of sight!
Deactivating autopickup; reactivate with Ctrl-A.
Something hits you.
* * * LOW HITPOINT WARNING * * *
Something shocks you.
* * * LOW HITPOINT WARNING * * *
The big kobold hits you but does no damage.
You hit something. You hit the big kobold.
Something hits you but does no damage. The big kobold hits you with a whip.
* * * LOW HITPOINT WARNING * * *
Something hits you.
You die...

..........$).....#
#>........)...#...
#.......((...<...
##.......†.†......
#......(..........
#...............#.
#.......(.......#
##......({...#..[..
########.....<.@K..##.....
##..............)).##
..... ...####...#..(....##
.> #### #.##########... #
...# .## ......... ##
.###.#### .# #. ....


You could see a big kobold.

Vanquished Creatures
  3 ogres (D:5)
  A scorpion (D:5)
  A hound (D:6)
  An orc priest (D:4)
  An orc wizard (D:6)
  An iguana (D:5)
  2 worker ants (D:4)
  10 gnolls
  4 adders
  A worm (D:2)
  A dart slug (D:1)
  5 leopard geckos
  5 orcs
  3 giant cockroaches
  A goblin (D:1)
  3 hobgoblins
  6 jackals
  2 quokkas
  3 ball pythons
  3 bats (D:2)
  A frilled lizard (D:4)
  A giant cockroach zombie (D:6)
  4 kobolds
  A leopard gecko zombie (D:6)
  A quokka zombie (D:5)
  5 rats
70 creatures vanquished.

Notes
Turn   | Place    | Note
-------+----------+-------------------------------------------
     0 | D:1      | iamserjio the Halfling Berserker began the quest for the Orb.
     0 | D:1      | Reached XP level 1. HP: 15/15 MP: 1/1
    90 | D:2      | Reached XP level 2. HP: 20/20 MP: 2/2
   217 | D:2      | Reached XP level 3. HP: 22/25 MP: 3/3
   328 | D:1      | Reached XP level 4. HP: 14/31 MP: 4/4
   352 | D:1      | Reached ** piety under Trog
   477 | D:3      | Reached skill level 4 in Axes
   529 | D:4      | Reached XP level 5. HP: 36/36 MP: 5/5
   546 | D:5      | Entered Level 5 of the Dungeon
   607 | D:5      | Noticed an ogre
   614 | D:5      | Killed an ogre
   614 | D:5      | Reached XP level 6. HP: 42/42 MP: 6/6
   619 | D:5      | Noticed an ogre
   628 | D:5      | Killed an ogre
   628 | D:5      | Reached skill level 5 in Axes
   665 | D:5      | Noticed an ogre
   672 | D:5      | Killed an ogre
   672 | D:5      | Reached XP level 7. HP: 8/47 MP: 7/7
   929 | D:6      | HP: 2/48 [big kobold/whip (2)]
   929 | D:6      | Slain by a sky beast

Vault maps used:
D:1:      dpeg_arrival_prison
D:2:      grunt_decor_arrowhead
D:4:      first_ration
D:6:      minmay_temple_entry_from_below_b

Skill      XL: |  1  2  3  4  5  6  7 |
---------------+----------------------+-----
Fighting       | 3 4 |  4.1
Dodging        | 3 4 |  4.4
Axes           | 4 5 |  5.8
Armour         | 3 4 |  4.3

Action                   |  1- 3 |  4- 6 |  7- 9 || total
-------------------------+-------+-------+-------++-------
Melee: Hand axe          |    72 |    64 |    83 ||   219
Invok: Berserk           |     2 |     4 |     3 ||     9
       Trog's Hand       |       |     2 |     6 ||     8
Evoke: Wand              |       |     2 |       ||     2
 Stab: Sleeping          |     1 |       |       ||     1
  Eat: Chunk             |       |     5 |     5 ||    10
Armor: Animal skin       |     1 |       |       ||     1
       Chain mail        |    30 |    34 |    57 ||   121
Dodge: Dodged            |    49 |    62 |    70 ||   181

Table legend:
 A = Spawn XP
 B = Non-spawn XP
 C = Spawn XP percentage of total XP
 D = Spawn monster count
 E = Non-spawn monster count
 F = Spawn count percentage of total count
 G = Total turns spent on level
                    A         B        C        D         E        F      G
               +---------+---------+-------+---------+---------+-------+---------
         Total |       0 |     938 |   0.0 |       0 |      70 |   0.0 |   929
               +---------+---------+-------+---------+---------+-------+---------
           D:1 |       0 |      15 |   0.0 |       0 |       8 |   0.0 |   104
           D:2 |       0 |      48 |   0.0 |       0 |      12 |   0.0 |   255
           D:3 |       0 |      72 |   0.0 |       0 |      10 |   0.0 |   156
           D:4 |       0 |     124 |   0.0 |       0 |      10 |   0.0 |    81
           D:5 |       0 |     526 |   0.0 |       0 |      13 |   0.0 |   246
           D:6 |       0 |     153 |   0.0 |       0 |      17 |   0.0 |    87
               +---------+---------+-------+---------+---------+-------+---------
